 Dungeon Crawl Stone Soup version 0.16.2-2-g470672f (webtiles) character file.

1572 tognito the Skirmisher (level 8, -4/73 HPs)
             Began as a Minotaur Berserker on Aug 19, 2015.
             Was an Elder of Trog.
             Killed from afar by an electric eel (14 damage)
             ... with a bolt of electricity
             ... on level 6 of the Dungeon.
             The game lasted 00:22:18 (4578 turns).

tognito the Skirmisher (Minotaur Berserker)         Turns: 4578, Time: 00:22:18

Health: -4/73      AC: 11    Str: 20 (23) XL:     8   Next: 59%
Magic:  7/7        EV: 10    Int:  4      God:    Trog [****..]
Gold:   218        SH:  0    Dex: 11      Spells: 0 memorised, 7 levels left

rFire  + . .     SeeInvis .     a - +0 war axe
rCold  x . .     Clarity  .     k - +1 chain mail
rNeg   . . .     SustAb   .     (no shield)
rPois  .         Gourm    .     (helmet restricted)
rElec  .         Spirit   .     (no cloak)
rCorr  .         Warding  .     (no gloves)
rMut   .         Stasis   .     (no boots)
MR     .....                    (no amulet)
Stlth  ..........               v - ring of fire
                                q - ring of flight

@: not resistant to hostile enchantments, extremely unstealthy
A: retaliatory headbutt, horns 2
a: Burn Spellbooks, Berserk, Trog's Hand, Brothers in Arms, Renounce Religion,
Evoke Flight


You were on level 6 of the Dungeon.
You worshipped Trog.
Trog was greatly pleased with you.
You were not hungry.

You visited 1 branch of the dungeon, and saw 6 of its levels.

You collected 218 gold pieces.

Inventory:

Hand weapons
 a - a +0 war axe (weapon)
 b - a +0 shortbow
Missiles
 e - 3 tomahawks of returning (quivered)
 h - 108 arrows
 o - 19 arrows of flame
 r - 6 tomahawks
 w - 25 bolts
Armour
 k - a +1 chain mail (worn)
 t - a +0 animal skin
Jewellery
 j - a +4 ring of intelligence
 q - a ring of flight (left hand)
 v - a ring of fire (right hand)
Magical devices
 g - a wand of disintegration (10)
 l - a wand of fireball (3)
 C - a wand of fire (7)
Scrolls
 f - 3 scrolls of remove curse
 i - 3 scrolls of identify
 n - 6 scrolls of teleportation
 s - a scroll of blinking
Potions
 A - a potion of haste
Comestibles
 c - 3 bread rations
 d - 5 meat rations
 m - 3 beef jerkies
 p - a fruit
 u - a chunk of flesh
 z - 2 slices of pizza


   Skills:
 + Level 7.5 Fighting
 + Level 7.5 Axes
   Level 4.0(4.9) Slings
 + Level 5.8 Bows
 + Level 3.7(4.4) Throwing
 + Level 6.5 Armour
 + Level 5.8 Dodging
 + Level 3.3 Stealth
 + Level 4.0 Unarmed Combat
 + Level 3.7 Evocations


You had 7 spell levels left.
You didn't know any spells.

Dungeon Overview and Level Annotations

Branches:
Dungeon (6/15)             Temple (0/1) D:6

Altars:
Dithmenos
Elyvilon
Gozag
Qazlal
Trog
Vehumet

Shops:
D:4 :   D:5 =


Innate Abilities, Weirdness & Mutations

You reflexively headbutt those who attack you in melee.
You have a pair of horns on your head.


Message History

Moving in this stuff is going to be slow.
The electric eel shoots out a bolt of lightning at you!
The bolt of electricity misses you.
The electric eel shoots out a bolt of lightning at you!
The bolt of electricity hits you!
* * * LOW HITPOINT WARNING * * *
You see here 2 arrows.
You completely miss the electric eel.
The electric eel is heavily wounded.
The electric eel shoots out a bolt of lightning at you!
The bolt of electricity misses you.
You miss the electric eel. Your headbutt misses the electric eel.
The electric eel is heavily wounded.
The electric eel shoots out a bolt of lightning at you!
The bolt of electricity hits you!
* * * LOW HITPOINT WARNING * * *
Your unstable footing causes you to fumble your attack.
The electric eel shoots out a bolt of lightning at you!
The bolt of electricity hits you!
You die...

##################
#######..................
#≈.≈≈≈..≈.≈≈..÷.@(((.(.≈.
#.≈≈≈≈≈.≈≈≈≈≈.≈≈≈;≈.≈≈≈≈≈
#≈≈♣♣♣≈≈≈♣♣♣≈≈≈♣♣♣≈.≈♣♣♣
#.≈♣ ♣≈.≈♣ ♣≈.≈♣ ≈(≈♣
#≈≈♣♣♣≈≈≈♣ ♣≈≈≈♣ .≈♣
.≈≈≈≈≈≈.≈≈≈≈≈≈≈≈ ≈≈≈≈
.≈≈≈≈≈≈≈≈.≈≈..≈≈. (.
.≈≈≈≈≈≈≈≈≈≈≈≈≈≈≈≈ ≈
.≈≈♣♣♣≈.≈ ♣≈.≈♣


You could see an electric eel.

Vanquished Creatures
  An orc warrior (D:6)
  A sky beast (D:5)
  The ghost of Rider75 the Shield-Bearer, an average MiFi of Okawaru (D:4)
  A phantom (D:4)
  A centaur (D:6)
  Blork the orc (D:4)
  A scorpion (D:6)
  A water moccasin skeleton (D:4)
  3 electric eels (D:6)
  2 crimson imps (D:5)
  A centaur skeleton (D:6)
  3 iguanas
  An orc priest (D:3)
  An orc wizard (D:4)
  A hound (D:4)
  Natasha (thrice) (D:6)
  3 worker ants
  5 adders
  2 shadow imps (D:5)
  2 worms
  An adder skeleton (D:4)
  An adder zombie (D:6)
  An ooze (D:4)
  2 giant geckos
  33 orcs
  2 bat skeletons
  A bat zombie (D:5)
  3 giant cockroaches
  12 goblins
  14 hobgoblins
  13 kobolds
  A ball python (D:3)
  10 bats
  A giant gecko skeleton (D:5)
  3 giant newts
  5 jackals (D:2)
  A quokka (D:4)
  A quokka zombie (D:5)
  7 rats
147 creatures vanquished.

Notes
Turn   | Place    | Note
--------------------------------------------------------------
     0 | D:1      | tognito, the Minotaur Berserker, began the quest for the Orb.
     0 | D:1      | Reached XP level 1. HP: 19/19 MP: 1/1
   174 | D:1      | Reached XP level 2. HP: 27/27 MP: 1/1
   238 | D:1      | Reached skill level 4 in Fighting
   939 | D:2      | Found a shadowy altar of Dithmenos.
  1015 | D:2      | Found a radiant altar of Vehumet.
  1069 | D:2      | Acquired Trog's second power
  1084 | D:2      | Reached XP level 3. HP: 29/33 MP: 2/2
  1445 | D:2      | Found a white marble altar of Elyvilon.
  1782 | D:3      | Found a bloodstained altar of Trog.
  1823 | D:3      | Found an opulent altar of Gozag.
  1868 | D:3      | Reached XP level 4. HP: 10/41 MP: 2/2
  2200 | D:3      | Reached skill level 5 in Fighting
  2324 | D:3      | Found a stormy altar of Qazlal.
  2331 | D:3      | Reached XP level 5. HP: 46/48 MP: 2/2
  2668 | D:4      | Reached skill level 5 in Axes
  2698 | D:4      | Reached skill level 1 in Bows
  2706 | D:4      | Noticed Rider75's ghost (average MiFi)
  2724 | D:4      | Killed Rider75's ghost
  2724 | D:4      | Reached XP level 6. HP: 43/56 MP: 3/3
  2731 | D:4      | Reached skill level 7 in Fighting
  2731 | D:4      | Reached skill level 5 in Armour
  2731 | D:4      | Reached skill level 5 in Dodging
  2731 | D:4      | Reached XP level 7. HP: 33/66 MP: 3/7
  2919 | D:4      | Acquired Trog's third power
  2987 | D:4      | Found Hoceebb's Book Boutique.
  3039 | D:4      | Reached skill level 5 in Bows
  3222 | D:4      | Noticed Blork the orc
  3235 | D:4      | Killed Blork the orc
  3480 | D:4      | Noticed a phantom
  3512 | D:4      | Killed a phantom
  3584 | D:5      | Entered Level 5 of the Dungeon
  3783 | D:5      | Reached XP level 8. HP: 63/73 MP: 7/7
  4029 | D:5      | Found Zuokuef's Jewellery Shoppe.
  4140 | D:6      | Found a staircase to the Ecumenical Temple.
  4142 | D:6      | Noticed Natasha
  4152 | D:6      | Killed Natasha
  4238 | D:6      | Noticed Natasha
  4245 | D:6      | Killed Natasha
  4301 | D:6      | Noticed Natasha
  4308 | D:6      | Killed Natasha
  4578 | D:6      | Killed from afar by an electric eel

Action                   |  1- 3 |  4- 6 |  7- 9 || total
-------------------------+-------+-------+-------++-------
Melee: Hand axe          |    83 |       |       ||    83
       War axe           |     6 |    62 |   132 ||   200
 Fire: Shortbow          |       |    42 |   138 ||   180
Invok: Berserk           |       |     1 |     1 ||     2
Evoke: Wand              |       |       |     2 ||     2
  Use: Potion            |     4 |     3 |     1 ||     8
       Scroll            |       |       |     9 ||     9
  Eat: Chunk             |     3 |     2 |     9 ||    14
